 Dungeon Crawl Stone Soup version 0.24-a0-272-g1411513 (webtiles) character file.

Game seed: 1205259929061651754

26 Gunnerkreig the Sneak (level 3, 0/23 HPs)
             Began as an Octopode Wizard on Apr 25, 2019.
             Slain by a kobold
             ... wielding a +0 whip
              (4 damage)
             ... on level 1 of the Dungeon.
             The game lasted 00:02:17 (853 turns).

Gunnerkreig the Sneak (Octopode Wizard)              Turns: 853, Time: 00:02:18

Health: 0/23       AC:  1    Str:  6    XL:     3   Next: 8%
Magic:  2/7        EV: 13    Int: 21    God:
Gold:   10         SH:  0    Dex: 10    Spells: 7/8 levels left

rFire    . . .     SeeInvis .   (no weapon)
rCold    . . .     Gourm    .   (no shield)
rNeg     . . .     Faith    .   a - +0 hat
rPois    .         Spirit   .   (no amulet)
rElec    .         Reflect  .   d - ring of attention (curse)
rCorr    .         Harm     .   (no ring)
MR       .....                  (no ring)
Stlth    ++........             (no ring)
HPRegen  0.07/turn              (no ring)
MPRegen  0.10/turn              (no ring)
                                (no ring)
                                (no ring)

@: no status effects
A: almost no armour, stealthy swim, amphibious, 8 rings, constrict 8, camouflage
1, gelatinous body 1
a: no special abilities


You were on level 1 of the Dungeon.
You were not hungry.

You visited 1 branch of the dungeon, and saw 1 of its levels.

You collected 10 gold pieces.

Inventory:

Missiles
 f - 61 stones (quivered)
Armour
 a - a +0 hat (worn)
Jewellery
 d - a cursed ring of attention (left tentacle)
Scrolls
 e - 6 scrolls of identify {unknown}
 g - a scroll of fog {unknown}
 j - a scroll of remove curse {unknown}
Potions
 b - 2 potions of brilliance {unknown}
 h - a potion of curing {unknown}
 i - a potion of lignification {unknown}
 l - a potion of heal wounds {unknown}
Comestibles
 c - 3 rations
 k - 2 chunks of flesh


   Skills:
 + Level 1.1 Fighting
 - Level 2.0 Dodging
 + Level 3.3 Stealth
 + Level 3.2 Spellcasting
 + Level 1.6 Conjurations
   Level 1.0 Summonings
   Level 1.0 Translocations


You had 7 spell levels left.
You knew the following spells:

 Your Spells              Type           Power        Failure   Level  Hunger
a - Magic Dart            Conj           ##..         7%          1    None

Your spell library contained the following spells:

 Spells                   Type           Power        Failure   Level  Hunger
 Blink                    Tloc           N/A          13%         2    ##.....
 Call Imp                 Summ           #.......     13%         2    ##.....
 Slow                     Hex            #.......     21%         2    ##.....
 Conjure Flame            Conj/Fire      #.......     28%         3    ###....
 Mephitic Cloud           Conj/Pois/Air  #.......     30%         3    ###....


Dungeon Overview and Level Annotations

Branches:
Dungeon (1/15)

Altars:


Innate Abilities, Weirdness & Mutations

You cannot wear most types of armour.
You are very stealthy in the water. (Stealth+)
You are amphibious.
You can wear up to eight rings at the same time.
You can use your tentacles to constrict eight enemies at once.
Your skin changes colour to match your surroundings (Stealth+).
Your rubbery body absorbs attacks. (AC +1, EV +1)


Message History

Press: ? - help, Shift-Dir - straight line, f - gnoll
Aim: a gnoll, wielding a -1 spear (heavily wounded)
The magic dart hits the gnoll but does no damage.
The gnoll is heavily wounded.
Casting: Magic Dart (safe; 7% risk of failure)
Confirm with . or Enter, or press ? or * to list all spells.
Aiming: Magic Dart (safe; 7% risk of failure)
Press: ? - help, Shift-Dir - straight line, f/p - gnoll
Aim: a gnoll, wielding a -1 spear (heavily wounded)
The magic dart hits the gnoll.
The gnoll is severely wounded.
The gnoll hits you from afar with a cursed -1 spear.
The gnoll barely misses you.
You tentacle-slap the gnoll. Your grab misses the gnoll.
The gnoll is almost dead.
The gnoll hits you with a cursed -1 spear!
The gnoll hits you with a cursed -1 spear.
* * * LOW HITPOINT WARNING * * *
The kobold hits you with a +0 whip.
You die...

### ######
####.#####
.....######...#)...#
.###.........###...#
.# #..#####.#.#.#..#
.###.## #.#...#..#
.....# #.#.#.#..#
###### #.#...@..#
#....Kg.## #####.###
... .... ......
...... ...... #..


You could see a gnoll and a kobold.

Vanquished Creatures
  2 leopard geckos (D:1)
  A giant cockroach (D:1)
  6 hobgoblins (D:1)
  2 ball pythons (D:1)
  4 bats (D:1)
  2 frilled lizards (D:1)
  A goblin (D:1)
  2 kobolds (D:1)
  4 rats (D:1)
24 creatures vanquished.

Notes
Turn   | Place    | Note
-------+----------+-------------------------------------------
     0 | D:1      | Gunnerkreig the Octopode Wizard began the quest for the
                  | Orb.
     0 | D:1      | Reached XP level 1. HP: 11/11 MP: 4/4
   207 | D:1      | Reached XP level 2. HP: 17/18 MP: 3/6
   515 | D:1      | Reached skill level 1 in Fighting
   776 | D:1      | Reached XP level 3. HP: 22/23 MP: 4/7
   853 | D:1      | Slain by a kobold

Levels and vault maps discovered:
D:1:      dpeg_arrival_ternary, layout_loops_cross

Skill      XL: |  1  2 |
---------------+-------+-----
Stealth        | 3 |  3.3
Fighting       | 1 |  1.1
Dodging        | |  2.0
Spellcasting   | |  3.2
Conjurations   | |  1.6
Summonings     | |  1.0
Translocations | |  1.0

Action                   || total
-------------------------++-------
Melee: Unarmed           ||    14
       Constrict         ||     4
       Tentacles         ||     1
 Cast: Magic Dart        ||    51
Armor: Skin              ||     2
Dodge: Dodged            ||    17

Table legend:
 A = Non-vault XP
 B = Vault XP
 C = Vault XP percentage of total XP
 D = Non-vault monster count
 E = Vault monster count
 F = Vault count percentage of total count
                 A         B        C        D         E       F
            +---------+---------+-------+---------+---------+-------
      Total |      38 |       0 |   0.0 |      24 |       0 |   0.0
            +---------+---------+-------+---------+---------+-------
        D:1 |      38 |       0 |   0.0 |      24 |       0 |   0.0
            +---------+---------+-------+---------+---------+-------
